 Dungeon Crawl Stone Soup version 0.21-a0-91-ga5031da (webtiles) character file.

2062439 kroki the Acrobat (level 27, 474/474 HPs)
             Began as a Demonspawn Fighter on June 29, 2017.
             Was an Initiate of Gozag.
             Escaped with the Orb
             ... and 4 runes!
             The game lasted 01:51:21 (94851 turns).

kroki the Acrobat (Demonspawn Fighter)             Turns: 94851, Time: 01:51:22

Health: 474/474    AC: 38    Str: 31    XL:     27
Magic:  47/51      EV: 35    Int: 21    God:    Gozag
Gold:   738        SH: 17    Dex: 23    Spells: 30/56 levels left

rFire    + + +     SeeInvis +   f - +9 demon whip (freeze)
rCold    + + +     Gourm    .   S - +2 buckler of the Sun {MR+ Int+2 SInv}
rNeg     + + .     Faith    .   R - +10 pearl dragon scales
rPois    +         Spirit   +   z - -2 hat of the Alchemist {rElec rPois rF+ rC+ rN+ MR+ rMut rCorr}
rElec    +         Reflect  +   u - +4 dragonskin cloak
rCorr    +         Harm     .   X - +0 pair of fencer's gloves {+Riposte Dex+3}
rMut     +                      (boots unavailable)
MR       +++++                  B - brooch of Shielding {Reflect SH+8}
Stlth    ..........             t - ring of the Mage {Wiz MR++ Int+3}
HPRegen  1.89/turn              L - ring of Otapateh {rF++ MR+ MP+9 Slay+3}
MPRegen  0.64/turn

@: mighty, brilliant, agile, berserking, resistant, gold aura, very slightly
contaminated, regenerating, hasted, bribing [the Dungeon], very quick
A: hooves 3, rugged brown scales 3, blurry vision 1, mutation resistance 1,
nightstalker 3, robust 3, magic shield, magic regeneration, magic link
0: Orb of Zot
}: 4/15 runes: decaying, slimy, silver, gossamer
a: Potion Petition, Call Merchant, Bribe Branch, Renounce Religion


You escaped.
You worshipped Gozag.
Gozag was pleased with you.
You were very full.

You visited 13 branches of the dungeon, and saw 59 of its levels.
You also visited: Labyrinth, Ice Cave, Wizlab and Desolation.

You collected 38425 gold pieces.
You spent 7658 gold pieces at shops.
You paid 30029 gold pieces to Gozag.

Inventory:

Hand Weapons
 f - a +9 demon whip of freezing (weapon)
   (You found it in an ice cave)
 s - a +9 vampiric demon whip {!w}
   (You took it off a spriggan defender on level 1 of the Depths)
Missiles
 x - 2 throwing nets {=f, !d}
Armour
 a - the +0 mask of the Dragon {MR+ Slay+3 SInv}
   (You found it on level 3 of the Realm of Zot)

   It affects your accuracy and damage with ranged weapons and melee attacks
   (+3).
   It affects your resistance to hostile enchantments.
   It lets you see invisible.
 d - the +5 robe of Night {Dark MR+ SInv}
   (You took it off a boggart on level 4 of the Depths)

   It affects your resistance to hostile enchantments.
   It lets you see invisible.
 u - the +4 dragonskin cloak (worn)
   (You took it off Tiamat on level 5 of the Realm of Zot)
 z - the -2 hat of the Alchemist (worn) {rElec rPois rF+ rC+ rN+ MR+ rMut rCorr}
   (You bought it in a shop on level 3 of the Elven Halls)

   It protects you from fire.
   It protects you from cold.
   It insulates you from electricity.
   It protects you from poison.
   It protects you from negative energy.
   It affects your resistance to hostile enchantments.
   It protects you from acid and corrosion.
   It protects you from mutation.
 J - a +2 cloak
   (You took it off a yellow draconian on level 5 of the Realm of Zot)
 R - +10 pearl dragon scales (worn)
   (You bought it in a shop on level 1 of the Orcish Mines)
 S - the +2 buckler of the Sun (worn) {MR+ Int+2 SInv}
   (You took it off a death knight on level 1 of the Crypt)

   It affects your intelligence (+2).
   It affects your resistance to hostile enchantments.
   It lets you see invisible.
 X - the +0 pair of fencer's gloves (worn) {+Riposte Dex+3}
   (You bought it in a shop on level 1 of the Orcish Mines)

   It affects your dexterity (+3).
Jewellery
 t - the ring of the Mage (left hand) {Wiz MR++ Int+3}
   (You found it in the Desolation of Salt)

   [ring of wizardry]

   It improves your spell success rate.
   It affects your intelligence (+3).
   It affects your resistance to hostile enchantments.
 B - the brooch of Shielding (around neck) {Reflect SH+8}
   (You bought it in a shop on level 1 of the Vaults)

   [amulet of reflection]

   It shields you and reflects attacks.
   It affects your SH (+8).
 L - the ring of Otapateh (right hand) {rF++ MR+ MP+9 Slay+3}
   (You bought it in a shop on level 1 of the Vaults)

   [ring of magical power]

   It affects your accuracy and damage with ranged weapons and melee attacks
   (+3).
   It greatly protects you from fire.
   It affects your resistance to hostile enchantments.
   It affects your magic capacity (+9).
 T - the ring "Qokhosub" {+Inv rElec rN+ MP+9 Str+2}
   (You took it off a deep elf elementalist on level 3 of the Elven Halls)

   [ring of magical power]

   It affects your strength (+2).
   It insulates you from electricity.
   It protects you from negative energy.
   It affects your magic capacity (+9).
   It lets you turn invisible.
Wands
 y - a wand of clouds (0/9)
   (You found it on level 5 of the Depths)
 K - a wand of digging (7/24)
   (You found it on level 2 of the Depths)
Scrolls
 h - 8 scrolls of fog
 k - 5 scrolls of identify
 p - 12 scrolls of blinking {!r}
 v - a scroll of summoning
 w - 36 scrolls of remove curse
 A - 6 scrolls of magic mapping {!r}
 C - 2 scrolls of immolation {!r}
 F - 23 scrolls of teleportation
 G - a scroll of silence
 I - 7 scrolls of recharging
 P - 7 scrolls of enchant armour
 U - a scroll of brand weapon
 V - 2 scrolls of amnesia
 W - 3 scrolls of enchant weapon
Potions
 b - 5 potions of cancellation
 c - a potion of magic
 e - a potion of might
 i - 5 potions of agility
 j - 11 potions of flight
 l - 6 potions of haste
 n - 14 potions of brilliance
 q - 8 potions of heal wounds
 D - 5 potions of resistance
 H - 18 potions of curing
 Z - 6 potions of invisibility
Miscellaneous
 g - a lightning rod (4/4)
   (You found it on level 3 of the Elven Halls)
 r - a phial of floods
   (You found it on level 3 of the Elven Halls)
 E - 4 phantom mirrors
 M - a sack of spiders
 Q - a box of beasts
 Y - a lamp of fire
   (You found it on level 4 of the Swamp)
Comestibles
 m - 26 fruits
 N - 8 meat rations {@e2}


   Skills:
 - Level 22.0 Fighting
   Level 16.7(17.7) Axes
 - Level 10.6(14.8) Maces & Flails
 - Level 20.3 Armour
 + Level 22.4 Dodging
 - Level 6.6 Shields
 - Level 15.4 Spellcasting
 - Level 12.8 Charms
 - Level 16.9 Summonings
 - Level 13.6 Necromancy
 - Level 11.0 Air Magic
 - Level 15.9 Evocations


You had 30 spell levels left.
You knew the following spells:

 Your Spells              Type           Power        Failure   Level  Hunger
a - Shadow Creatures      Summ           N/A          1%          6    #####..
b - Silence               Hex/Air        ######....   2%          5    ###....
c - Death Channel         Necr           ######....   1%          6    #####..
d - Deflect Missiles      Chrm/Air       ######....   1%          6    #####..
r - Regeneration          Chrm/Necr      ######....   1%          3    None


Dungeon Overview and Level Annotations

Branches:
Dungeon (15/15)            Temple (1/1) D:4            Lair (6/6) D:10
  Swamp (4/4) Lair:2       Spider (4/4) Lair:3        Slime (5/5) Lair:6
    Orc (2/2) D:10            Elf (3/3) Orc:2        Vaults (5/5) D:14
  Crypt (3/3) Vaults:2       Tomb (0/3) Crypt:3      Depths (5/5) D:15
   Hell (1/1)                 Zot (5/5) Depths:5
    Dis: Hell:1         Geh: Hell:1         Coc: Hell:1         Tar: Hell:1

Altars:
Ashenzari
Cheibriados
Dithmenos
Elyvilon
Fedhas
Gozag
Hepliaklqana
Kikubaaqudgha
Makhleb
Nemelex Xobeh
Okawaru
Qazlal
Ru
Sif Muna
Trog
Uskayaw
Vehumet
Wu Jian
Xom
Yredelemnul
Zin
The Shining One
Beogh
Lugonu

Shops:
D:1 [   D:7 =!   D:15 (   Orc:1 ([[   Orc:2 ?(:?   Elf:2 (   Elf:3 [([
Vaults:1 =   Vaults:2 ([   Vaults:5 (   Zot:1 *   Depths:2 (   Depths:3 *

Portals:
Hell: Lair:6 Depths:1 Depths:2 Depths:3 Depths:4 Depths:5
Abyss: Depths:2 Depths:3 Depths:4
Pandemonium: Depths:1 Depths:3 Depths:5
Ziggurat: Depths:3

Annotations:
Elf:1 exclusion: Roxanne, Roxanne
Hell Geryon
Zot:3 2 runed doors


Innate Abilities, Weirdness & Mutations

You have hooves in place of feet.
You are completely covered in rugged brown scales. (AC +3, +7% HP)
You are completely attuned to the shadows.
You are extremely robust. (+30% HP)
When hurt, damage is shared between your health and your magic reserves.
You regenerate magic rapidly.
When low on magic, you restore magic in place of health.
Scrolls take you a little longer to read.
You are somewhat resistant to further mutation.


Message History

Unknown command.
The eye of draining gazes at you.
You feel your power leaking away.
You now have 44/51 mp.
You thrash the eye of draining!! You freeze the eye of draining!
You kill the eye of draining!
A hound zombie comes into view.
You see here 6 gold pieces.
The hound zombie completely misses you.
You riposte.
You thrash the hound zombie!! You freeze the hound zombie.
You kick the hound zombie!
You destroy the hound zombie!
(D) Dungeon (T) Temple (L) Lair (S) Swamp (N) Spider Nest (M) Slime Pits (O) Orcish Mines (E) Elven Halls (V) Vaults (C) Crypt (W) Tomb (U) Depths (H) Hell (Z) Zot
Where to? (Enter - D:1, ? - help)
There is a stone staircase leading up here.
You climb upwards.
There is a stone staircase leading down here.
There is a stone staircase leading up here.
You climb upwards.
There is a stone staircase leading down here.
There is a stone staircase leading up, spattered with blood here.
You climb upwards.
There is a stone staircase leading down here.
You see here a short sword.
There is a stone staircase leading up here.
You climb upwards.
There is a stone staircase leading down here.
Unknown command.
MP restored: 51 An Orb Guardian comes into view.
You hit the Orb Guardian. You freeze the Orb Guardian.
You kick the Orb Guardian! The Orb Guardian completely misses you.
You closely miss the Orb Guardian. You kick the Orb Guardian!
You thrash the Orb Guardian!! You freeze the Orb Guardian.
Your kick misses the Orb Guardian. You block the Orb Guardian's attack.
You whack the Orb Guardian! You freeze the Orb Guardian.
You kick the Orb Guardian, but do no damage.
The Orb Guardian hits you but does no damage.
You whack the Orb Guardian! You freeze the Orb Guardian.
Your kick misses the Orb Guardian. You block the Orb Guardian's attack.
You thrash the Orb Guardian!! You freeze the Orb Guardian.
You kill the Orb Guardian!
You now have 3925 gold pieces (gained 28).
A goblin comes into view.
There is a staircase leading out of the dungeon here.
The goblin shouts!
A rakshasa comes into view. It is wielding a whip.
You whack the goblin! You freeze the goblin.
You kill the goblin!
The rakshasa stares, then turns away, jangling a coin purse.
The rakshasa moves out of view.
You now have 3928 gold pieces (gained 3).
There is a staircase leading out of the dungeon here.
You feel better.
Health restored: 316 You have no ailments to cure.
You don't know that spell.
Wisps of shadow whirl around you...
The ufetubus appears out of thin air!
An ufetubus comes into view. x2
You now have 46/51 mp.
Your skin crawls.
You now have 44/51 mp.
You miscast Deflect Missiles.
You are very lightly contaminated with residual magic.
Your skin tingles.
You now have 39/51 mp.
Okay, then.
You block the ufetubus's attack.
The ufetubus hits you but does no damage.
Your kobold hits the ufetubus with a club. [a] 2316 gold - Rocyt's Food Shop [b] 2856 gold - Vougha Wehep's Antique Weapon Shoppe [c] 3017 gold - Suf Ufip's Distillery [d] 3196 gold - Putyoch's Antique Armour Boutique Fund which merchant?
You no longer have enough gold to fund merchants seeking to open stores in the dungeon.
You no longer have enough gold to bribe branches to halt enemies' attacks and recruit allies.
Putyoch invites you to visit his Antique Armour Boutique.
You block the ufetubus's attack. The ufetubus misses you.
You regained 2 mp, and now have 42/51 mp.
You whack the ufetubus! You freeze the ufetubus.
You kill the ufetubus!
You now have 738 gold pieces (gained 6).
There is a staircase leading out of the dungeon here.
Okay, then.
You feel agile all of a sudden.
You feel very mighty all of a sudden.
You feel protected.
You feel clever all of a sudden.
You feel yourself speed up.
Really quaff
o - a potion of berserk rage {!q}?
A red film seems to cover your vision as you go berserk!
You feel yourself moving faster!
You feel mighty!
You now have 474/474 hp.
You feel a strong urge to attack something.
You have escaped!

>.......#.#............#.#...####
..#####.#..#..........#..#...#
#.# ##..#...#...#....#...#...#
#.###...#....#...#..#....#...#
........#.....#.#.##.....#...#
#.....#.#.....[#...#.....#>..#
...#....#...#.#.....#.[.##...#
........#....#.K∩....#.#.#...#
##........#...#.@.#...#)...###
........#..#...#.#...#.(.#.#
.##.....#...#...#...#....#.#
###.....#....#.....#.....#.#
#......#.....#...##.....#.#
#......#....#.#.#..#....#.#
##......#...#...#....#...#.#
.[......#.[#...#.#....#..#.#
#.......#.#...#........#.#.#


You could see a friendly kobold.

Vanquished Creatures
  the Royal Jelly (Slime:5)
  Tiamat (Zot:5)
  2 orbs of fire
  Mara (Swamp:4)
  3 ancient liches
  Mennas (Depths:3)
  A pandemonium lord (Depths:5)
  A juggernaut (Depths:2)
  the Lernaean hydra (Swamp:4)
  Frederick (Depths:4)
  Bai Suzhen (Swamp:3)
  3 curse toes
  3 Killer Klowns
  12 golden dragons
  the Enchantress (Depths:1)
  A bone dragon (Depths:5)
  Jorgrun (Depths:4)
  A Tzitzimitl (Depths:4)
  15 tentacled monstrosities
  An electric golem (Zot:5)
  16 Orb Guardians
  Rupert (Lair:5)
  2 liches
  3 deep elf blademasters
  8 quicksilver dragons
  4 titans
  20 acid blobs
  2 deep elf master archers (Elf:3)
  6 death cobs
  Frances (D:14)
  3 ancient champions
  2 sphinxes
  14 shadow dragons
  2 thorn hunters
  A draconian monk (Zot:5)
  15 storm dragons
  8 tengu reavers
  5 revenants
  Donald (Spider:2)
  10 fire giants
  3 deep elf sorcerers
  18 vault wardens
  6 draconian knights
  10 azure jellies
  15 frost giants
  7 ghost moths
  5 imperial myrmidons (Desolation)
  10 ghouls
  6 draconian scorchers
  Louise (D:14)
  5 emperor scorpions
  4 draconian shifters
  3 curse skulls (Crypt:3)
  An orc warlord (Orc:1)
  17 ironheart preservers
  A juggernaut zombie (Crypt:2)
  The ghost of Ordine the Carver, a journeyman OpFi of Okawaru (D:14)
  31 very ugly things
  10 deep elf elementalists
  A war gargoyle (Vaults:5)
  3 draconian annihilators
  9 draconian stormcallers
  6 spriggan defenders
  A reaper (IceCv)
  27 stone giants
  Nessos (D:14)
  8 black draconians
  7 entropy weavers
  10 red draconians
  12 vampire knights
  2 deep elf demonologists (Elf:3)
  2 dire elephants (Zot:1)
  15 green draconians
  2 halazid warlocks (Desolation)
  12 deep elf annihilators
  10 white draconians
  9 purple draconians
  7 yellow draconians
  7 spark wasps
  12 eidola
  17 ettins
  An ettin (shapeshifter) (Elf:1)
  3 death oozes (Slime:5)
  12 jiangshi
  A minotaur (Lab)
  12 yaktaur captains
  2 deep elf high priests (Elf:3)
  5 spectral quicksilver dragons (Crypt:3)
  11 deep elf death magi
  2 crystal guardians
  13 fire dragons
  10 servants of whispers (Desolation)
  6 ragged hierophants (Desolation)
  18 ice dragons
  5 peacekeepers (Desolation)
  33 vault guards
  21 great orbs of eyes
  31 hydras
  A juggernaut simulacrum (Depths:2)
  A catoblepas (Lair:6)
  11 rakshasas
  An alligator (shapeshifter) (Vaults:5)
  A spectral fire giant (Crypt:3)
  A spectral frost giant (Crypt:3)
  5 death knights
  10 tengu warriors
  5 spriggan air magi
  8 centaur warriors
  A spectral stone giant (Crypt:3)
  2 ghost crabs
  11 alligators
  8 death scarabs (Spider:4)
  A spectral dire elephant (Crypt:3)
  38 two-headed ogres
  2 death yaks (Lair:6)
  A queen ant (Lair:2)
  8 deep troll shamans
  12 ogre magi
  2 spectral storm dragons (Crypt:3)
  6 vampire magi
  2 hell hogs (Depths:3)
  3 deep troll earth magi
  The ghost of Oki the Fighter, a novice MiCK of Xom (D:7)
  An orc high priest (Orc:2)
  2 spriggan berserkers (Depths:2)
  Sonja (D:14)
  2 soul eaters (Crypt:3)
  3 sun demons
  Nergalle (Orc:2)
  21 deep elf knights
  10 hell knights
  2 spectral emperor scorpions (Spider:4)
  A spectral catoblepas (Crypt:3)
  4 iron trolls
  8 shadow wraiths
  A spectral anaconda (Crypt:3)
  7 flayed ghosts
  2 sixfirhies
  4 unseen horrors
  A storm dragon skeleton (Crypt:1)
  20 deep trolls
  6 glowing orange brains
  24 skeletal warriors
  2 tengu zombies
  3 wizards (Vaults:1)
  3 shadow demons (Depths:4)
  4 spectral iron dragons (Crypt:3)
  10 deep elf archers
  12 swamp dragons
  An orange crystal statue (Vaults:2)
  18 ironbrand convokers
  A lindwurm (Lair:4)
  6 necromancers
  11 harpies
  13 phantasmal warriors
  A lindwurm (shapeshifter) (D:14)
  A sphinx zombie (Depths:2)
  58 deep elf magi
  2 shambling mangroves
  16 orc knights
  15 orb spiders
  A spectral fire dragon (Crypt:3)
  A wolf spider (shapeshifter) (Depths:2)
  2 spectral wolf spiders (Spider:4)
  36 wolf spiders
  9 cyclopes
  89 ugly things
  10 orc sorcerers
  6 shining eyes
  A tengu skeleton (Vaults:2)
  A manticore (shapeshifter) (Depths:3)
  A manticore (D:15)
  A spectral ettin (Crypt:3)
  A stone giant zombie (Crypt:1)
  32 moths of wrath
  A salamander (shapeshifter) (Vaults:1)
  A torpor snail (shapeshifter) (Vaults:2)
  A shock serpent zombie (Crypt:3)
  2 fire giant skeletons
  2 molten gargoyles (Desolation)
  2 frost giant skeletons (Vaults:2)
  2 guardian serpents (Desolation)
  17 vault sentinels
  4 black mambas
  6 elephants
  A spiny frog (shapeshifter) (Depths:2)
  2 ice statues (IceCv)
  3 eyes of devastation
  4 torpor snails
  22 spiny frogs
  A guardian serpent (shapeshifter) (Depths:3)
  3 gargoyles
  An orange demon (Lair:6)
  A red draconian zombie (Crypt:1)
  2 kobold demonologists (D:14)
  8 rime drakes
  A yaktaur (shapeshifter) (Depths:3)
  A hellion (Depths:5)
  A shock serpent skeleton (Crypt:1)
  8 komodo dragons
  2 spectral redbacks (Spider:4)
  A rime drake (shapeshifter) (Depths:4)
  8 tengu conjurers
  4 redback zombies (Spider:4)
  10 ice devils
  A yellow draconian skeleton (Crypt:3)
  3 komodo dragons (shapeshifter)
  A spectral merfolk (Crypt:3)
  An efreet (D:14)
  19 freezing wraiths
  A spectral harpy (Crypt:3)
  38 yaktaurs
  11 demonic crawlers
  2 black draconian skeletons
  2 hellwings
  A queen bee (shapeshifter) (Depths:2)
  2 red devils (Lair:6)
  4 spectral tarantellas (Spider:4)
  A tengu simulacrum (Vaults:4)
  12 trolls
  2 iron troll skeletons
  2 meliai (shapeshifter)
  2 polar bears
  4 spectral jumping spiders (Spider:4)
  3 yaktaur skeletons (Vaults:2)
  5 tyrant leeches
  2 polar bears (shapeshifter)
  An alligator zombie (Crypt:2)
  38 jumping spiders
  32 hornets
  The ghost of Ordine the Skirmisher, an amateur OpFi (D:4)
  17 bog bodies
  10 blink frogs
  162 slime creatures
  58 saltlings (Desolation)
  2 blink frogs (shapeshifter) (Vaults:4)
  13 hippogriffs
  A shadow dragon simulacrum (Crypt:3)
  2 jumping spider zombies (Spider:4)
  A meliai zombie (Crypt:2)
  A hydra skeleton (Crypt:1)
  2 dream sheep (shapeshifter)
  A tarantella zombie (Spider:4)
  A spectral swamp dragon (Crypt:3)
  A fire giant simulacrum (Vaults:4)
  A stone giant simulacrum (Vaults:1)
  A frost giant simulacrum (Crypt:3)
  11 shadows
  10 air elementals
  88 redbacks
  A redback (shapeshifter) (Depths:4)
  39 tarantellas
  20 spriggans
  A wyvern (shapeshifter) (Vaults:5)
  38 yaks
  3 wyverns
  Eustachio (D:4)
  A tarantella (shapeshifter) (Vaults:5)
  5 vampires
  A hog (shapeshifter) (Vaults:2)
  2 humans (shapeshifter)
  3 basilisks
  5 water elementals
  6 humans (Zot:1)
  8 wraiths
  2 fire elementals (Elf:3)
  A golden eye (shapeshifter) (Vaults:5)
  A black mamba skeleton (Crypt:1)
  6 hungry ghosts
  A chaos spawn (Depths:5)
  6 acid dragons
  19 vampire mosquitoes
  6 wargs
  2 soldier ants (shapeshifter)
  19 soldier ants
  20 swamp worms
  12 hell hounds
  A monstrous demonspawn skeleton (Crypt:2)
  13 insubstantial wisps
  3 elf zombies
  9 porcupines
  4 floating eyes
  7 two-headed ogre zombies (WizLab)
  A spectral snapping turtle (Crypt:3)
  A merfolk skeleton (Crypt:3)
  A porcupine (shapeshifter) (Depths:2)
  A two-headed ogre skeleton (Crypt:1)
  8 water moccasins
  A floating eye (shapeshifter) (Vaults:3)
  45 orc warriors
  2 hornet zombies (Spider:4)
  5 necrophages (Crypt:1)
  4 eyes of draining
  3 ice beasts
  4 sky beasts
  12 swamp drakes
  A spectral hornet (Spider:4)
  2 phantoms
  A black bear (shapeshifter) (Depths:1)
  A black mamba simulacrum (Crypt:3)
  A snapping turtle skeleton (Crypt:1)
  A human zombie (Vaults:1)
  47 ogres
  7 boggarts
  An eye of draining (shapeshifter) (Elf:2)
  15 wolves
  A torpor snail zombie (Crypt:2)
  2 ogres (shapeshifter)
  20 centaurs
  A manticore skeleton (Crypt:1)
  13 crocodiles
  3 big kobolds
  2 elf skeletons
  Blork the orc (D:6)
  14 bullfrogs
  5 earth elementals
  An elf simulacrum (Vaults:1)
  A gnoll sergeant (D:6)
  5 human skeletons (Vaults:2)
  A glowing shapeshifter simulacrum (Vaults:1)
  2 wyvern zombies
  2 wyvern skeletons
  A raiju zombie (Crypt:3)
  A water moccasin skeleton (Crypt:2)
  A polar bear zombie (Crypt:3)
  2 scorpions
  7 troll zombies (WizLab)
  11 killer bees
  An orc simulacrum (Vaults:1)
  17 wights
  3 electric eels
  A yak skeleton (Crypt:1)
  4 howler monkeys
  7 crimson imps
  2 bullfrog zombies (D:7)
  2 centaur zombies
  4 bullfrog skeletons
  10 hounds
  17 orc priests
  3 centaur skeletons
  4 jellies
  2 iron imps
  A black bear skeleton (Crypt:3)
  46 orc wizards
  3 iguanas
  A statue (D:7)
  33 worker ants
  A felid zombie (Crypt:1)
  3 ogre zombies (WizLab)
  A deep dwarf zombie (Crypt:2)
  2 hound zombies
  A hound skeleton (D:5)
  2 worker ant zombies (D:11)
  3 gnolls (D:6)
  10 adders
  4 shadow imps
  5 white imps
  10 ufetubi
  An ooze (D:4)
  An adder skeleton (D:8)
  An adder zombie (D:5)
  A leopard gecko (D:6)
  129 orcs
  3 ball pythons
  6 bats
  9 giant cockroaches
  A gnoll zombie (Crypt:3)
  15 goblins
  9 hobgoblins
  7 jackals
  6 quokkas
  5 frilled lizards
  A gnoll skeleton (Crypt:2)
  2 jackal skeletons
  10 kobolds
  2 rats
  A river rat zombie (Crypt:1)
  6 fungi
  2 plants
2972 creatures vanquished.

Vanquished Creatures (collateral kills)
  An orb of fire (Zot:5)
  Margery (Depths:4)
  2 Killer Klowns (Zot:1)
  3 golden dragons
  A Tzitzimitl (Depths:5)
  Arachne (Spider:4)
  An electric golem (Zot:5)
  2 tentacled monstrosities
  4 Orb Guardians (Zot:5)
  A quicksilver dragon (Zot:3)
  A death cob (Zot:5)
  A shadow dragon (Zot:4)
  A storm dragon (Zot:3)
  2 draconian monks
  A ghost moth (Zot:3)
  3 draconian knights (Zot:3)
  A deep elf elementalist (Elf:3)
  A draconian annihilator (Zot:2)
  3 green draconians
  A yellow draconian (Zot:1)
  2 deep elf annihilators (Elf:3)
  A black draconian (Zot:1)
  A red draconian (Zot:4)
  3 purple draconians
  A death ooze (Slime:5)
  A deep elf high priest (Elf:3)
  A hydra (Lair:5)
  2 ice dragons
  A hell hog (Depths:3)
  A dancing weapon (Elf:2)
  A spriggan berserker (Depths:1)
  2 deep elf knights
  8 hell knights
  A shadow wraith (Depths:4)
  A skeletal warrior (WizLab)
  A sixfirhy (Zot:5)
  A death drake (Zot:1)
  A wizard (Lair:6)
  A phantasmal warrior (Depths:4)
  A necromancer (Depths:4)
  3 deep elf magi
  3 wolf spiders
  2 moths of wrath (Zot:2)
  An elephant (Zot:1)
  3 jumping spiders
  A blink frog (Lair:6)
  3 redbacks (Spider:4)
  3 shadows (Depths:4)
  A tarantella (Spider:2)
  An air elemental (Depths:4)
  2 spriggans (Depths:1)
  2 humans (Zot:1)
  A soldier ant (Lair:2)
  A hell hound (Depths:3)
  An orc warrior (Orc:1)
  A boggart (Depths:4)
  A crocodile (Lair:6)
  A plant (Lair:3)
95 creatures vanquished.

Vanquished Creatures (others)
  A pandemonium lord (Zot:5)
  An orb of fire (Zot:5)
  2 ancient liches (Zot:5)
  A golden dragon (Zot:5)
  2 tentacled monstrosities (Zot:5)
  7 Orb Guardians (Zot:5)
  A lich (Depths:3)
  A death cob (Zot:5)
  An Executioner (Zot:5)
  A draconian monk (Zot:5)
  A fire giant (Depths:3)
  A draconian shifter (Zot:5)
  2 draconian scorchers (Zot:5)
  A draconian annihilator (Zot:5)
  A stone giant (Vaults:5)
  A purple draconian (Zot:5)
  A deep elf annihilator (Elf:3)
  A spark wasp (Depths:3)
  2 red draconians (Zot:5)
  2 yellow draconians (Zot:5)
  8 yaktaur captains
  4 centaur warriors
  2 two-headed ogres (Depths:1)
  29 dancing weapons
  A glowing orange brain (Depths:3)
  2 deep elf archers
  3 moths of wrath (Zot:5)
  2 vault sentinels
  An eye of devastation (Slime:5)
  20 yaktaurs
  A bog body (Swamp:4)
  A chaos spawn (Zot:5)
  A warg (Vaults:4)
  A soldier ant (Lair:2)
  2 ogres (Depths:1)
  2 centaurs (Vaults:1)
  4 white imps (IceCv)
  6 ufetubi (IceCv)
  2 orcs
  24 fungi
  2 pillars of salt (Elf:2)
  13 plants (Lair:6)
162 creatures vanquished.

Grand Total: 3229 creatures vanquished

Notes
Turn   | Place    | Note
-------+----------+-------------------------------------------
     0 | D:1      | kroki the Demonspawn Fighter began the quest for the Orb.
     0 | D:1      | Reached XP level 1. HP: 18/18 MP: 1/1
    89 | D:1      | Reached skill level 2 in Axes
   251 | D:1      | Gained mutation: When hurt, damage is shared between your health and your magic reserves. [demonic ancestry]
   251 | D:1      | Reached XP level 2. HP: 23/24 MP: 2/2
   577 | D:2      | Reached skill level 3 in Axes
   704 | D:2      | Reached XP level 3. HP: 27/29 MP: 3/3
  1469 | D:3      | Found a faded altar of an unknown god.
  1488 | D:3      | Reached skill level 4 in Axes
  1488 | D:3      | Gained mutation: You have large cloven feet. [demonic ancestry]
  1488 | D:3      | Reached XP level 4. HP: 34/35 MP: 4/4
  2184 | D:4      | Reached skill level 1 in Evocations
  2241 | D:4      | Gained mutation: You are partially covered in rugged brown scales. (AC +1, +3% HP) [demonic ancestry]
  2241 | D:4      | Reached XP level 5. HP: 31/42 MP: 5/5
  2429 | D:4      | Noticed Eustachio
  2455 | D:4      | Noticed Ordine's ghost (amateur OpFi)
  2673 | D:4      | Killed Eustachio
  2673 | D:4      | Reached skill level 3 in Evocations
  2673 | D:4      | Gained mutation: You have hoof-like feet. [demonic ancestry]
  2673 | D:4      | Reached XP level 6. HP: 48/48 MP: 6/8
  2732 | D:4      | Killed Ordine's ghost
  2732 | D:4      | Reached skill level 5 in Axes
  2738 | D:4      | Reached skill level 6 in Axes
  2738 | D:4      | Gained mutation: You are mostly covered in rugged brown scales. (AC +2, +5% HP) [demonic ancestry]
  2738 | D:4      | Reached XP level 7. HP: 19/54 MP: 4/9
  3278 | D:4      | HP: 4/54 [orc priest/divine providence (12)]
  3641 | D:4      | Reached skill level 7 in Axes
  3667 | D:4      | Found a hide-covered altar of Uskayaw.
  3709 | D:4      | Found a staircase to the Ecumenical Temple.
  3717 | Temple   | Entered the Ecumenical Temple
  4186 | D:5      | Entered Level 5 of the Dungeon
  4186 | D:5      | Found a burning altar of Makhleb.
  4273 | D:5      | Found an opulent altar of Gozag.
  4332 | D:5      | Became a worshipper of Gozag Ym Sagoz the Greedy
  4624 | D:5      | Found a shattered altar of Ashenzari.
  4644 | D:5      | Gained mutation: You have hooves in place of feet. [demonic ancestry]
  4644 | D:5      | Reached XP level 8. HP: 55/60 MP: 8/10
  4657 | D:5      | Reached skill level 8 in Axes
  5321 | D:6      | Reached skill level 9 in Axes
  5455 | D:6      | Noticed Blork the orc
  5462 | D:6      | Killed Blork the orc
  5462 | D:6      | Reached skill level 3 in Armour
  5979 | D:6      | Reached XP level 9. HP: 46/68 MP: 7/11
  6377 | D:7      | Noticed Oki's ghost (novice MiCK)
  6471 | D:7      | Found a radiant altar of Vehumet.
  6486 | D:7      | Reached skill level 4 in Fighting
  6579 | D:7      | Reached skill level 10 in Axes
  6623 | D:7      | Killed Oki's ghost
  6623 | D:7      | Reached skill level 4 in Armour
  6668 | D:7      | Reached skill level 5 in Fighting
  6964 | D:7      | Found Taogh's Distillery.
  6988 | D:7      | Found Far Vynk's Jewellery Boutique.
  7138 | D:7      | Reached skill level 11 in Axes
  7289 | D:8      | Reached skill level 5 in Armour
  7369 | D:8      | Found a stormy altar of Qazlal.
  7512 | D:8      | Gained mutation: You are completely covered in rugged brown scales. (AC +3, +7% HP) [demonic ancestry]
  7512 | D:8      | Reached XP level 10. HP: 71/80 MP: 12/12
  8078 | D:8      | Got a shadowed robe
  8087 | D:8      | Found a blossoming altar of Fedhas.
  8087 | D:8      | Found a hazy altar of Hepliaklqana.
  8089 | D:8      | Found a glowing golden altar of the Shining One.
  8791 | D:9      | Noticed a two-headed ogre
  8803 | D:9      | Killed a two-headed ogre
  8803 | D:9      | Reached skill level 6 in Fighting
  9280 | D:9      | Found a sacrificial altar of Ru.
  9702 | D:10     | Entered Level 10 of the Dungeon
  9729 | D:10     | Reached skill level 4 in Evocations
  9921 | D:10     | Found a staircase to the Lair.
 10058 | D:10     | Reached skill level 6 in Armour
 10203 | D:10     | Reached skill level 12 in Axes
 10255 | D:10     | Found a staircase to the Orcish Mines.
 10592 | Lair:1   | Entered Level 1 of the Lair of Beasts
 10619 | Lair:1   | Noticed a black mamba
 10627 | Lair:1   | Killed a black mamba
 10706 | Lair:1   | Noticed a seven-headed hydra
 10743 | Lair:1   | Killed a seven-headed hydra
 10743 | Lair:1   | Reached skill level 7 in Fighting
 10743 | Lair:1   | Reached skill level 5 in Evocations
 10751 | Lair:1   | HP: 20/84 [porcupine's spines (10)]
 10751 | Lair:1   | Gained mutation: You regenerate magic rapidly. [demonic ancestry]
 10751 | Lair:1   | Reached XP level 11. HP: 21/89 MP: 3/14
 11059 | Lair:1   | Got a bronze scale mail
 11135 | Lair:1   | Found a sparkling altar of Nemelex Xobeh.
 11659 | Lair:2   | Identified the +2 scale mail "Birchyaklu" {rC- Dex+6} (You found it on level 1 of the Lair of Beasts)
 11702 | Lair:2   | Found a labyrinth entrance.
 11709 | Lab      | Entered a labyrinth
 12648 | Lab      | Noticed a minotaur
 12660 | Lab      | Killed a minotaur
 12665 | Lab      | Identified the Papyrus of Toxins
 12681 | Lab      | Got a pair of pitted gloves
 12699 | Lab      | Identified the +0 pair of gloves of Pandemonium {SInv} (You found it in a labyrinth)
 12986 | Lair:2   | Reached skill level 7 in Armour
 13011 | Lair:2   | Reached skill level 6 in Evocations
 13034 | Lair:2   | Noticed a queen ant
 13050 | Lair:2   | Killed a queen ant
 13054 | Lair:2   | Reached skill level 8 in Fighting
 13060 | Lair:2   | Reached skill level 13 in Axes
 13420 | Lair:2   | Gained mutation: You are slightly more attuned to the shadows. [demonic ancestry]
 13420 | Lair:2   | Reached XP level 12. HP: 61/100 MP: 12/17
 13643 | Lair:2   | Found an ornate altar of the Wu Jian Council.
 14067 | Lair:2   | Found a staircase to the Swamp.
 14290 | Lair:3   | Reached skill level 7 in Evocations
 14419 | Lair:3   | Found a hole to the Spider Nest.
 14516 | Lair:3   | Reached skill level 8 in Armour
 15317 | Lair:4   | Reached skill level 9 in Fighting
 15613 | Lair:4   | Reached skill level 14 in Axes
 16161 | Lair:4   | You fall through a shaft for 2 floors!
 16161 | Lair:6   | Entered Level 6 of the Lair of Beasts
 16506 | Lair:4   | Reached skill level 8 in Evocations
 16849 | Lair:5   | Noticed a six-headed hydra
 16862 | Lair:5   | Killed a six-headed hydra
 17157 | Lair:5   | Noticed Rupert
 17172 | Lair:5   | Killed Rupert
 17172 | Lair:5   | Reached XP level 13. HP: 70/109 MP: 13/19
 17463 | Lair:5   | Reached skill level 9 in Armour
 18701 | Lair:6   | Reached skill level 10 in Fighting
 19365 | Lair:6   | Reached skill level 15 in Axes
 20410 | Lair:6   | Reached skill level 10 in Armour
 20629 | Lair:6   | Found a staircase to the Slime Pits.
 21201 | Lair:6   | Reached XP level 14. HP: 118/118 MP: 20/20
 21292 | Lair:6   | Reached skill level 11 in Fighting
 21302 | Lair:6   | Found a burning altar of Makhleb.
 21318 | Lair:6   | Found a gateway to Hell.
 21595 | Orc:1    | Entered Level 1 of the Orcish Mines
 21861 | Orc:1    | Noticed an orc warlord
 21877 | Orc:1    | Killed an orc warlord
 22220 | Orc:2    | Entered Level 2 of the Orcish Mines
 22251 | Orc:2    | Found a staircase to the Elven Halls.
 22290 | Orc:2    | HP: 25/120 [orc warrior/flail (11)]
 22769 | Orc:2    | HP: 26/120 [orc warrior/broad axe[an orc knight] (7)]
 22771 | Orc:2    | Reached skill level 16 in Axes
 22771 | Orc:2    | HP: 3/120 [orc knight/war axe of electrocution (13)]
 23314 | Orc:2    | HP: 21/120 [orc warrior/halberd[an orc knight] (12)]
 23825 | Orc:2    | Found Fapra's Antique Weapon Boutique.
 24039 | Orc:2    | Found Ohyg's Magic Scroll Shop.
 24088 | Orc:2    | Bought a scroll of enchant weapon for 90 gold pieces
 24088 | Orc:2    | Bought a scroll of enchant armour for 90 gold pieces
 24088 | Orc:2    | Bought a scroll of enchant armour for 90 gold pieces
 24132 | Orc:2    | Found an ancient bone altar of Kikubaaqudgha.
 24134 | Orc:2    | Noticed Nergalle
 24151 | Orc:2    | Killed Nergalle
 24162 | Orc:2    | Found Jeom's Book Boutique.
 24253 | Orc:2    | Found a radiant altar of Vehumet.
 24276 | Orc:2    | Found a roughly hewn altar of Beogh.
 24352 | Orc:2    | Found Daewufum's Magic Scroll Shop.
 24362 | Orc:2    | Bought a scroll of blinking for 120 gold pieces
 24362 | Orc:2    | Bought a scroll of enchant armour for 120 gold pieces
 24362 | Orc:2    | Bought a scroll of blinking for 120 gold pieces
 24887 | Orc:1    | Bought +2 pearl dragon scales for 1300 gold pieces
 24912 | Orc:1    | Bought a +0 buckler of protection for 161 gold pieces
 24912 | Orc:1    | Bought the +0 pair of fencer's gloves {+Riposte Dex+3} for 560 gold pieces
 25280 | D:11     | Found a frozen archway.
 25292 | IceCv    | Entered an ice cave
 26064 | IceCv    | Reached skill level 1 in Dodging
 26110 | IceCv    | Reached skill level 9 in Evocations
 26357 | IceCv    | Noticed a reaper
 26378 | IceCv    | Killed a reaper
 28272 | D:12     | Reached skill level 12 in Fighting
 28386 | D:12     | Reached skill level 2 in Dodging
 28696 | D:12     | Reached skill level 10 in Evocations
 28749 | D:12     | Gained mutation: You are robust. (+10% HP) [demonic ancestry]
 28749 | D:12     | Reached XP level 15. HP: 122/140 MP: 22/22
 28757 | D:12     | Reached skill level 11 in Armour
 29417 | D:13     | Reached skill level 3 in Dodging
 29571 | D:13     | Reached skill level 11 in Evocations
 30363 | D:14     | Noticed Louise
 30382 | D:14     | Killed Louise
 30596 | D:14     | Noticed Nessos
 30603 | D:14     | Killed Nessos
 30778 | D:14     | Reached skill level 12 in Evocations
 31033 | D:14     | Reached skill level 4 in Dodging
 31154 | D:14     | Found a gate to the Vaults.
 31317 | D:14     | Found a white marble altar of Elyvilon.
 31436 | D:14     | Noticed Sonja
 31439 | D:14     | Killed Sonja
 31483 | D:14     | Noticed Ordine's ghost (journeyman OpFi)
 31499 | D:14     | Killed Ordine's ghost
 31499 | D:14     | Reached skill level 13 in Evocations
 31738 | D:14     | Noticed Frances
 32394 | D:14     | Killed Frances
 32717 | D:14     | Reached skill level 5 in Dodging
 32892 | D:15     | Entered Level 15 of the Dungeon
 33451 | D:15     | Reached skill level 14 in Evocations
 33649 | D:15     | Found a staircase to the Depths.
 33657 | D:15     | Gained mutation: You are very robust. (+20% HP) [demonic ancestry]
 33657 | D:15     | Reached XP level 16. HP: 142/163 MP: 26/26
 34135 | D:15     | Reached skill level 13 in Fighting
 34545 | D:15     | Reached skill level 12 in Armour
 34698 | Elf:1    | Entered Level 1 of the Elven Halls
 34839 | Elf:1    | Reached skill level 6 in Dodging
 34853 | Elf:1    | Reached skill level 1 in Maces & Flails
 35108 | Elf:1    | Reached skill level 15 in Evocations
 35664 | Elf:1    | Found an ancient bone altar of Kikubaaqudgha.
 36186 | Elf:1    | Noticed Roxanne
 36365 | Elf:1    | Reached skill level 2 in Maces & Flails
 36676 | Elf:2    | Found a ruined gateway.
 36684 | Desolati | Entered the Desolation of Salt
 37131 | Desolati | Got a steaming iron ring
 37132 | Desolati | Identified the ring of Juiny {Slay+3 Stlth+} (You found it in the Desolation of Salt)
 37158 | Desolati | Got a faintly glowing platinum ring
 37159 | Desolati | Identified the ring "Huduludo" {+Blink rN+ MR+ Str-4 Stlth+} (You found it in the Desolation of Salt)
 37161 | Desolati | Identified the Guide on the Noxious Snowflakes
 37165 | Desolati | Identified the Collected Works on Blistering Transformation
 37171 | Desolati | Got a smelly ring mail
 37487 | Desolati | Reached skill level 3 in Maces & Flails
 37512 | Desolati | Got a vibrating pewter ring
 37513 | Desolati | Identified the ring of Esmongoce {*Drain +Blink rN+ MR+ Str+2} (You found it in the Desolation of Salt)
 37916 | Desolati | Reached skill level 14 in Fighting
 38226 | Desolati | Reached skill level 15 in Fighting
 38457 | Desolati | Reached XP level 17. HP: 180/180 MP: 28/28
 38744 | Desolati | Reached skill level 16 in Fighting
 38760 | Desolati | Got a crude steel ring
 38765 | Desolati | Got a flickering golden ring
 38767 | Desolati | Identified the ring of Ypla {+Fly Str+2} (You found it in the Desolation of Salt)
 38769 | Desolati | Identified the ring of Xauhoxte {rCorr rElec MP-9 Dex+2} (You took it off a servant of whispers in the Desolation of Salt)
 39207 | Desolati | Reached skill level 17 in Fighting
 39696 | Elf:2    | Found a huge runed gate.
 39696 | Elf:2    | Found a huge runed gate.
 39696 | Elf:2    | Found a huge runed gate.
 39702 | Elf:2    | Found a huge runed gate.
 39705 | Elf:2    | Found a huge runed gate.
 39952 | Elf:2    | Reached skill level 18 in Fighting
 40061 | Elf:2    | Reached skill level 7 in Dodging
 40998 | Elf:2    | Reached skill level 13 in Armour
 41003 | Elf:2    | Noticed a deep elf blademaster
 41022 | Elf:2    | Reached skill level 8 in Dodging
 41032 | Elf:2    | Killed a deep elf blademaster
 41074 | Elf:2    | HP: 47/189 [poisoned by a trident of venom]
 41079 | Elf:2    | HP: 43/189 [poisoned by a trident of venom]
 41084 | Elf:2    | HP: 39/189 [poisoned by a trident of venom]
 41089 | Elf:2    | HP: 36/189 [poisoned by a trident of venom]
 41094 | Elf:2    | HP: 35/189 [poisoned by a trident of venom]
 41101 | Elf:2    | HP: 35/189 [poisoned by a trident of venom]
 41108 | Elf:2    | HP: 36/189 [poisoned by a trident of venom]
 41116 | Elf:2    | HP: 37/189 [poisoned by a trident of venom]
 41715 | Elf:3    | Entered Level 3 of the Elven Halls
 41966 | Elf:3    | Found Uritz's Antique Armour Shoppe.
 42246 | Elf:3    | Reached skill level 9 in Dodging
 42426 | Elf:3    | Got a pitted chain mail
 42427 | Elf:3    | Identified the +3 chain mail "Dioch" {MR- Regen+ Stlth+} (You found it on level 3 of the Elven Halls)
 42429 | Elf:3    | Gained mutation: Your flesh is cold resistant. (rC+) [potion of mutation]
 42429 | Elf:3    | Gained mutation: You are resistant to electric shocks. (rElec) [potion of mutation]
 42551 | Elf:3    | Noticed a deep elf blademaster
 42556 | Elf:3    | Noticed a deep elf blademaster
 42558 | Elf:3    | Noticed an Ice Fiend
 42567 | Elf:3    | Killed a deep elf blademaster
 42572 | Elf:3    | Noticed a deep elf master archer
 42573 | Elf:3    | Killed a deep elf blademaster
 42576 | Elf:3    | HP: 43/189 [something (10)]
 42581 | Elf:3    | HP: 33/189 [something (1)]
 42583 | Elf:3    | HP: 15/189 [deep elf high priest/divine providence (10)]
 42583 | Elf:3    | HP: 7/189 [something (6)]
 42584 | Elf:3    | Noticed a deep elf master archer
 42585 | Elf:3    | Noticed an Ice Fiend
 43293 | Elf:3    | Reached XP level 18. HP: 199/199 MP: 29/29
 43356 | Elf:3    | Reached skill level 14 in Armour
 43808 | Elf:3    | Reached skill level 10 in Dodging
 43886 | Elf:3    | HP: 48/199 [deep elf annihilator/poison arrow (9)]
 43892 | Elf:3    | HP: 27/199 [poisoned by a deep elf annihilator (poison arrow)]
 43898 | Elf:3    | HP: 27/199 [poisoned by a deep elf annihilator (poison arrow)]
 43904 | Elf:3    | HP: 27/199 [poisoned by a deep elf annihilator (poison arrow)]
 43912 | Elf:3    | HP: 29/199 [poisoned by a deep elf annihilator (poison arrow)]
 44745 | Elf:3    | Got a steaming copper ring
 44755 | Elf:3    | Got a glittering marble ring
 44766 | Elf:3    | Identified the ring "Sirphaudd" {Fire rElec rN+ Int+7 Dex-5} (You took it off a deep elf high priest on level 3 of the Elven Halls)
 44769 | Elf:3    | Identified the ring "Qudewuto" {Wiz Str+3} (You took it off a deep elf high priest on level 3 of the Elven Halls)
 44790 | Elf:3    | Got a steaming copper ring
 44837 | Elf:3    | Identified the ring of Popiym {*Slow +Fly rF+ Int+7 Dex+2} (You took it off a deep elf elementalist on level 3 of the Elven Halls)
 44848 | Elf:3    | Got a coiled glass ring
 44883 | Elf:3    | Identified the ring "Qokhosub" {+Inv rElec rN+ MP+9 Str+2} (You took it off a deep elf elementalist on level 3 of the Elven Halls)
 45576 | Spider:1 | Entered Level 1 of the Spider Nest
 46853 | Spider:1 | Reached skill level 19 in Fighting
 47938 | Spider:2 | Noticed Donald
 47956 | Spider:2 | Killed Donald
 48117 | Spider:2 | Reached skill level 20 in Fighting
 48763 | Spider:2 | Reached XP level 19. HP: 215/215 MP: 30/30
 49368 | Elf:3    | Bought the -2 hat of the Alchemist {rElec rPois rF+ rC+ rN+ MR+ rMut rCorr} for 1416 gold pieces
 49832 | Spider:3 | Reached skill level 21 in Fighting
 51266 | Spider:4 | Entered Level 4 of the Spider Nest
 51698 | Spider:4 | Noticed Arachne
 51718 | Spider:4 | Killed Arachne
 52328 | Spider:4 | Reached skill level 22 in Fighting
 52508 | Spider:4 | Reached skill level 11 in Dodging
 52798 | Spider:4 | Reached skill level 4 in Maces & Flails
 52939 | Spider:4 | Reached skill level 15 in Armour
 53073 | Spider:4 | Got a gossamer rune of Zot
 53453 | Swamp:1  | Entered Level 1 of the Swamp
 54257 | Swamp:1  | Reached skill level 5 in Maces & Flails
 55399 | Swamp:3  | Gained mutation: When low on magic, you restore magic in place of health. [demonic ancestry]
 55399 | Swamp:3  | Reached XP level 20. HP: 218/231 MP: 31/31
 55599 | Swamp:3  | Noticed Bai Suzhen
 55627 | Swamp:3  | Killed Bai Suzhen
 55693 | Swamp:3  | Reached skill level 6 in Maces & Flails
 55810 | Swamp:3  | Reached skill level 12 in Dodging
 56357 | Swamp:4  | Entered Level 4 of the Swamp
 56853 | Swamp:4  | Reached skill level 7 in Maces & Flails
 56940 | Swamp:4  | Noticed Mara
 56942 | Swamp:4  | Noticed kroki's illusion
 56983 | Swamp:4  | Killed Mara
 57439 | Swamp:4  | Reached skill level 16 in Armour
 57607 | Swamp:4  | Noticed the 27-headed Lernaean hydra
 57616 | Swamp:4  | Killed the 27-headed Lernaean hydra
 57850 | Swamp:4  | Got a decaying rune of Zot
 58440 | Vaults:1 | Entered Level 1 of the Vaults
 58811 | Vaults:1 | Reached skill level 3 in Shields
 59119 | Vaults:1 | Bought the brooch of Shielding {Reflect SH+8} for 1700 gold pieces
 59119 | Vaults:1 | Bought the ring of Otapateh {rF++ MR+ MP+9 Slay+3} for 1003 gold pieces
 59154 | Vaults:1 | Reached skill level 13 in Dodging
 59159 | Vaults:1 | Got a heavy robe
 59171 | Vaults:1 | Got a black opal-encrusted ring mail
 59618 | Vaults:1 | Reached skill level 4 in Shields
 60105 | Vaults:1 | Lost mutation: Your flesh is cold resistant. (rC+) [potion of mutation]
 60106 | Vaults:1 | Lost mutation: You are resistant to electric shocks. (rElec) [potion of mutation]
 60106 | Vaults:1 | Gained mutation: You are extremely robust. (+30% HP) [potion of mutation]
 60669 | Vaults:2 | Gained mutation: You are significantly more attuned to the shadows. [demonic ancestry]
 60669 | Vaults:2 | Reached XP level 21. HP: 258/258 MP: 32/32
 60730 | Vaults:2 | Reached skill level 5 in Shields
 61050 | Vaults:2 | Found a staircase to the Crypt.
 61475 | Vaults:2 | Reached skill level 6 in Shields
 61623 | Crypt:1  | Entered Level 1 of the Crypt
 61714 | Crypt:1  | Got a slimy chain mail
 61719 | Crypt:1  | Identified the +7 chain mail of the Lizard {MR+ MP+9} (You found it on level 1 of the Crypt)
 61878 | Crypt:1  | Reached skill level 14 in Dodging
 61911 | Crypt:1  | Got a pitted buckler
 62044 | Crypt:1  | Identified the +2 buckler of the Sun {MR+ Int+2 SInv} (You took it off a death knight on level 1 of the Crypt)
 62046 | Crypt:1  | Got a pitted cloak
 62057 | Crypt:1  | Identified the +0 cloak of Dithmenos's Reproof {Int+4} (You found it on level 1 of the Crypt)
 62193 | Crypt:1  | Found a huge runed gate.
 62194 | Crypt:1  | Found a huge runed gate.
 62194 | Crypt:1  | Found a huge runed gate.
 62194 | Crypt:1  | Found a huge runed gate.
 62195 | Crypt:1  | Found a huge runed gate.
 62195 | Crypt:1  | Found a huge runed gate.
 62197 | Crypt:1  | Found a huge runed gate.
 62197 | Crypt:1  | Found a huge runed gate.
 62198 | Crypt:1  | Found a huge runed gate.
 62269 | Crypt:1  | Reached skill level 17 in Armour
 62856 | Crypt:1  | Reached skill level 8 in Maces & Flails
 63736 | Crypt:3  | Entered Level 3 of the Crypt
 63738 | Crypt:3  | Found a staircase to the Tomb.
 64112 | Crypt:3  | Reached skill level 9 in Maces & Flails
 64761 | Crypt:3  | Mutation became permanent: You are very robust. (+20% HP) [demonic ancestry]
 64761 | Crypt:3  | Gained mutation: You are extremely robust. (+30% HP) [demonic ancestry]
 64761 | Crypt:3  | Reached XP level 22. HP: 256/268 MP: 33/33
 65076 | Crypt:3  | Reached skill level 10 in Maces & Flails
 65329 | Crypt:3  | Reached skill level 15 in Dodging
 65729 | Crypt:3  | Identified Kikubaaqudgha's Tome of Darkness
 65734 | Crypt:3  | Identified the Grimoire of Ashen Enhancements
 65742 | Crypt:3  | Learned a level 3 spell: Regeneration
 65776 | Crypt:3  | Identified the +2 helmet "Hioxajan" {*Contam rPois rC+} (You found it on level 3 of the Crypt)
 65811 | Crypt:3  | Identified a scroll of acquirement
 66144 | Crypt:3  | Gained mutation: You evolve. [potion of mutation]
 66336 | Vaults:2 | Reached skill level 1 in Charms
 66391 | Vaults:2 | Reached skill level 2 in Charms
 66398 | Vaults:2 | Reached skill level 3 in Charms
 66507 | Vaults:2 | Reached skill level 4 in Charms
 66761 | Vaults:2 | Reached skill level 5 in Charms
 66777 | Vaults:2 | Reached skill level 6 in Charms
 66809 | Vaults:2 | Reached skill level 7 in Charms
 67219 | Vaults:2 | Bought a shiny shield for 202 gold pieces
 67415 | Vaults:3 | Reached skill level 8 in Charms
 67654 | Vaults:3 | Reached skill level 9 in Charms
 68007 | Vaults:3 | Reached skill level 10 in Charms
 68364 | Vaults:3 | Reached skill level 11 in Charms
 68563 | Vaults:3 | Reached skill level 12 in Charms
 68671 | Vaults:3 | Reached skill level 1 in Necromancy
 68891 | Vaults:3 | Reached skill level 2 in Necromancy
 69078 | Vaults:4 | Reached skill level 3 in Necromancy
 69280 | Vaults:4 | Reached skill level 4 in Necromancy
 69412 | Vaults:4 | Reached skill level 5 in Necromancy
 69412 | Vaults:4 | Reached XP level 23. HP: 258/278 MP: 34/34
 69439 | Vaults:4 | Reached skill level 6 in Necromancy
 69806 | Vaults:4 | Reached skill level 1 in Spellcasting
 69949 | Vaults:4 | Reached skill level 2 in Spellcasting
 70144 | Vaults:4 | Reached skill level 3 in Spellcasting
 70463 | Vaults:4 | Reached skill level 4 in Spellcasting
 70615 | Vaults:5 | Entered Level 5 of the Vaults
 70626 | Vaults:5 | Reached skill level 18 in Armour
 70626 | Vaults:5 | Reached skill level 5 in Spellcasting
 70628 | Vaults:5 | Reached skill level 6 in Spellcasting
 70746 | Vaults:4 | Lost mutation: You evolve. [potion of mutation]
 70746 | Vaults:4 | Gained mutation: You have a pair of small horns on your head. [potion of mutation]
 70918 | Vaults:5 | Reached skill level 7 in Spellcasting
 70937 | Vaults:5 | Reached skill level 8 in Spellcasting
 70962 | Vaults:5 | Reached skill level 16 in Dodging
 70980 | Vaults:5 | Reached XP level 24. HP: 212/287 MP: 34/35
 70982 | Vaults:5 | Reached skill level 9 in Spellcasting
 71127 | Vaults:5 | Got a faintly glowing leather armour
 71608 | Vaults:5 | Got a sparkling brass ring
 71764 | Vaults:5 | Identified the ring of the Ancient Seas {+Fly Int+5} (You took it off an entropy weaver on level 5 of the Vaults)
 71972 | Vaults:5 | Got a silver rune of Zot
 71987 | Vaults:5 | Got a shimmering leather armour
 72047 | Vaults:5 | Learned a level 6 spell: Shadow Creatures
 72054 | Vaults:5 | Learned a level 6 spell: Deflect Missiles
 72130 | Vaults:5 | Reached skill level 1 in Summonings
 72130 | Vaults:5 | Reached skill level 1 in Air Magic
 72308 | Vaults:5 | Reached skill level 2 in Summonings
 72341 | Vaults:5 | Reached skill level 2 in Air Magic
 73107 | Vaults:2 | Reached skill level 3 in Summonings
 73278 | Depths:1 | Entered Level 1 of the Depths
 73375 | Depths:1 | Noticed the Enchantress
 73396 | Depths:1 | Reached skill level 3 in Air Magic
 73469 | Depths:1 | Reached skill level 4 in Summonings
 73473 | Depths:1 | Killed the Enchantress
 73487 | Depths:1 | Reached skill level 4 in Air Magic
 73543 | Depths:1 | Got faerie dragon scales
 73629 | Depths:1 | Identified the +3 faerie dragon scales {rC++ rCorr Dex+2} (You took it off the Enchantress on level 1 of the Depths)
 73704 | Depths:1 | Reached skill level 5 in Summonings
 73963 | Depths:1 | Found a one-way gate leading to the halls of Pandemonium.
 74306 | Depths:1 | Reached skill level 5 in Air Magic
 74653 | Depths:2 | Found a one-way gate to the infinite horrors of the Abyss.
 74659 | Depths:2 | Found Fenelav's Weapon Shop.
 74708 | Depths:2 | Reached skill level 6 in Summonings
 74828 | Depths:2 | Paralysed by a floating eye for 2 turns
 74848 | Depths:2 | Reached skill level 6 in Air Magic
 74865 | Depths:2 | Reached skill level 7 in Summonings
 75104 | Depths:2 | Reached skill level 7 in Air Magic
 75115 | Depths:2 | Identified the +0 pair of gloves "Ibygixyg" {rF- rN++ Regen+ Str+4} (You found it on level 2 of the Depths)
 75135 | Depths:2 | Identified the amulet "Etoak" {Faith +Fly Str-2 Int+7} (You found it on level 2 of the Depths)
 75230 | Depths:2 | Reached skill level 8 in Summonings
 75362 | Depths:2 | Reached XP level 25. HP: 268/297 MP: 36/36
 75543 | Depths:2 | Reached skill level 8 in Air Magic
 75567 | Depths:2 | Reached skill level 9 in Summonings
 75840 | Hell     | Entered the Vestibule of Hell
 75846 | Hell     | Gained mutation: Your spells are a little easier to cast, but a little less powerful. [a cacodemon]
 75883 | Hell     | Noticed Geryon
 76036 | Depths:2 | Reached skill level 9 in Air Magic
 76037 | Depths:2 | Noticed a juggernaut
 76067 | Depths:2 | Killed a juggernaut
 76067 | Depths:2 | Reached skill level 10 in Summonings
 76574 | Depths:3 | Found a magical portal.
 76579 | WizLab   | Entered Zonguldrok's Shrine
 77025 | WizLab   | Noticed an antique lich
 77038 | WizLab   | Killed an antique lich
 77038 | WizLab   | Reached skill level 10 in Air Magic
 77230 | WizLab   | Lost mutation: You have a pair of small horns on your head. [potion of mutation]
 77230 | WizLab   | Lost mutation: Your spells are a little easier to cast, but a little less powerful. [potion of mutation]
 77291 | Depths:3 | Reached skill level 11 in Summonings
 77352 | Depths:3 | Found a gateway to a ziggurat.
 77355 | Depths:3 | Paralysed by a floating eye for 2 turns
 77358 | Depths:3 | Noticed Mennas
 77362 | Depths:3 | Paralysed by a floating eye for 2 turns
 77371 | Depths:3 | Paralysed by a floating eye for 3 turns
 77399 | Depths:3 | Killed Mennas
 77882 | Depths:3 | Paralysed by a floating eye for 2 turns
 78120 | Depths:3 | Reached skill level 11 in Air Magic
 78144 | Depths:3 | Reached skill level 10 in Spellcasting
 78488 | Depths:3 | Reached skill level 11 in Spellcasting
 78635 | Depths:3 | Got a fine lead ring
 78639 | Depths:3 | Identified the ring "Raloe" {Int+3 Dex+3} (You found it on level 3 of the Depths)
 78769 | Depths:3 | Found a corrupted altar of Lugonu.
 79038 | Depths:3 | Reached skill level 12 in Spellcasting
 79339 | Depths:3 | Gained mutation: You are completely attuned to the shadows. [demonic ancestry]
 79339 | Depths:3 | Reached XP level 26. HP: 306/306 MP: 39/39
 79531 | Depths:4 | Reached skill level 13 in Spellcasting
 79556 | Depths:4 | Noticed Jorgrun
 79558 | Depths:4 | Noticed Margery
 79565 | Depths:4 | Killed Margery
 79585 | Depths:4 | Killed Jorgrun
 79647 | Depths:4 | Found a glowing golden altar of the Shining One.
 80015 | Depths:4 | Reached skill level 14 in Spellcasting
 80426 | Depths:4 | Noticed Frederick
 80440 | Depths:4 | Killed Frederick
 80513 | Depths:4 | Reached skill level 15 in Spellcasting
 80776 | Depths:4 | Gained mutation: You are weak. (Str -2) [a neqoxec]
 80950 | Depths:4 | Found a shadowy altar of Dithmenos.
 81023 | Depths:4 | Got a scintillating turquoise ring
 81024 | Depths:4 | Identified the ring of Cisae {rN+ Stlth+} (You took it off a boggart on level 4 of the Depths)
 81100 | Depths:4 | Reached skill level 12 in Summonings
 81346 | Depths:5 | Entered Level 5 of the Depths
 81508 | Depths:5 | Reached skill level 13 in Summonings
 81938 | Depths:5 | Found a gate to the Realm of Zot.
 81977 | Depths:5 | Reached skill level 14 in Summonings
 82017 | Depths:5 | Learned a level 5 spell: Silence
 82970 | Slime:1  | Entered Level 1 of the Pits of Slime
 83263 | Slime:1  | Reached skill level 15 in Summonings
 83629 | Slime:2  | Reached XP level 27. HP: 316/316 MP: 42/42
 83805 | Slime:5  | Entered Level 5 of the Pits of Slime
 83858 | Slime:5  | Noticed the Royal Jelly
 83872 | Slime:5  | Killed the Royal Jelly
 83872 | Slime:5  | Reached skill level 16 in Summonings
 83972 | Slime:5  | Got a slimy rune of Zot
 83983 | Slime:5  | Identified the ring of Bokhlew {Str+3 Dex+2} (You found it on level 5 of the Pits of Slime)
 84003 | Slime:5  | Learned a level 6 spell: Death Channel
 84163 | Slime:5  | Lost mutation: You are weak. (Str -2) [potion of mutation]
 84163 | Slime:5  | Gained mutation: You are agile. (Dex +2) [potion of mutation]
 84163 | Slime:5  | Gained mutation: You are somewhat resistant to further mutation. [potion of mutation]
 84164 | Slime:5  | Lost mutation: You are agile. (Dex +2) [potion of mutation]
 84164 | Slime:5  | Lost mutation: You are somewhat resistant to further mutation. [potion of mutation]
 84164 | Slime:5  | Gained mutation: You are somewhat resistant to further mutation. [potion of mutation]
 84174 | Slime:5  | Got a sheer robe
 84192 | Slime:5  | Identified Codghuag's Tome of Companions and Earth
 84300 | Slime:5  | Reached skill level 7 in Necromancy
 84614 | Slime:5  | Reached skill level 8 in Necromancy
 84991 | Slime:5  | Reached skill level 9 in Necromancy
 85608 | Slime:4  | kroki: ohio
 85655 | Slime:3  | Reached skill level 10 in Necromancy
 86948 | Depths:1 | Reached skill level 11 in Necromancy
 87128 | Zot:1    | Entered Level 1 of the Realm of Zot
 87437 | Zot:1    | Reached skill level 12 in Necromancy
 87858 | Zot:1    | Reached skill level 13 in Necromancy
 88294 | Zot:1    | Reached skill level 19 in Armour
 88668 | Zot:1    | Reached skill level 17 in Dodging
 89089 | Zot:1    | Bought a potion of curing for 84 gold pieces
 89089 | Zot:1    | Bought a potion of haste for 280 gold pieces
 89089 | Zot:1    | Bought a jewelled battleaxe for 322 gold pieces
 89089 | Zot:1    | Identified the +9 battleaxe of Ciozis {flame, *Rage rF+ Str+3 SInv} (You bought it in a shop on level 1 of the Realm of Zot)
 90250 | Zot:2    | Reached skill level 20 in Armour
 90250 | Zot:2    | Reached skill level 18 in Dodging
 90545 | Zot:3    | Found a large runed door.
 90546 | Zot:3    | Found a large runed door.
 90578 | Zot:3    | Found a large runed door.
 90578 | Zot:3    | Found a large runed door.
 91308 | Zot:3    | Reached skill level 19 in Dodging
 91709 | Zot:4    | Noticed an orb of fire
 91726 | Zot:4    | Killed an orb of fire
 92311 | Zot:4    | Reached skill level 20 in Dodging
 92902 | Zot:5    | Entered Level 5 of the Realm of Zot
 92990 | Zot:5    | Found a blossoming altar of Fedhas.
 93264 | Zot:5    | Noticed an ancient lich
 93327 | Zot:5    | Noticed an orb of fire
 93335 | Zot:5    | Noticed an orb of fire
 93340 | Zot:5    | Noticed an orb of fire
 93346 | Zot:5    | kroki: 3 friendly orbs of fire my friend
 93364 | Zot:5    | Killed an ancient lich
 93402 | Zot:5    | Killed an ancient lich
 93477 | Zot:5    | Reached skill level 21 in Dodging
 93497 | Zot:5    | Noticed an orb of fire
 93522 | Zot:5    | Killed an orb of fire
 93760 | Zot:5    | Noticed Tiamat
 93767 | Zot:5    | Noticed an orb of fire
 93796 | Zot:5    | Gained mutation: Scrolls take you a little longer to read. [an orb of fire]
 93814 | Zot:5    | Killed an orb of fire
 93882 | Zot:5    | Killed Tiamat
 94202 | Zot:5    | Got the Orb of Zot
 94213 | Zot:5    | Noticed Fifaenti the pandemonium lord
 94247 | Zot:5    | Killed Fifaenti the pandemonium lord
 94255 | Zot:5    | Noticed an ancient lich
 94269 | Zot:5    | Killed an ancient lich
 94269 | Zot:5    | Reached skill level 22 in Dodging
 94283 | Zot:5    | Noticed an ancient lich
 94385 | Depths:5 | Noticed an ancient lich
 94386 | Depths:5 | Noticed Guabimeq the pandemonium lord
 94413 | Depths:5 | Killed Guabimeq the pandemonium lord
 94428 | Depths:5 | Killed an ancient lich
 94549 | D:15     | kroki: bribing dungeon for friendly pan lords
 94850 | D:1      | kroki: 474 hp
 94851 | D:$      | Escaped with the Orb!

Vault maps used:
D:1:      matt_arrival_diagonals
D:3:      chequers_ecumenical_altar_simple
D:4:      cheibrodos_greedy_goblins, nicolae_overflow_hidden_temple,
          minmay_temple_entry_nine_rooms, uniq_eustachio
D:5:      ashenzari_altar_1, nicolae_gozag_cash_rules_everything_around_me,
          lemuel_crystal_altar, first_bread
D:6:      uniq_blork_the_orc
D:7:      vehumet_statue, serial_shops, shop, shop_statue
D:8:      kennysheep_little_box, gammafunk_temple_overflow_claw
D:9:      nicolae_ru_awakened_eye
D:10:     erik_lair_island, orc_0_dummy
D:11:     portal_ice_cave_rime, the_bakery
D:13:     kennysheep_crisscross
D:14:     david_vaults_4, elyvilon_altar_1, uniq_sonja, uniq_nessos,
          uniq_frances, uniq_louise
D:15:     hangedman_depths_entry_civil_slaughter, kennysheep_pointless_box
Temple:   minmay_temple_forest_path
Lair:1:   basic_altar, serial_bayou_pond_c
Lair:2:   nicolae_swamp_entry_splash_gauntlet, basic_altar, lab_entry_generic,
          minivault_29
Lair:3:   spider_nest_entry_webs
Lair:5:   lemuel_fruit_tree, uniq_rupert
Lair:6:   evil_forest, minmay_slime_entry_pillars, serial_bayou_pond_b,
          hibernation_bobbens
Swamp:1:  evilmike_swamp_ruin_rubble_1
Swamp:2:  serial_swamp_ruin, evilmike_swamp_ruin_house_5,
          hangedman_swamp_ruin_wall, swamp_pool4
Swamp:3:  evilmike_swamp_ruin_house_2, uniq_bai_suzhen
Swamp:4:  grunt_swamp_rune_castle, uniq_mara
Spider:2: uniq_donald
Spider:3: spider_trap
Spider:4: floodkiller_spider_rune_tomb, uniq_arachne
Orc:2:    kennysheep_orc_mage_school
Elf:1:    elf_arrival_002, basic_altar, minmay_elf_crystal_hexagon, uniq_roxanne
Elf:2:    portal_desolation_entry_garden, dk_noncrumbling_3
Elf:3:    elf_hall, serial_shops, nicolae_shop_crystal
Vaults:1: v_alt_pattern_1, nicolae_vaults_yaktaur_gun_rack, v_pattern_3,
          hangedman_vaults_locks, serial_ice_h, nicolae_vaults_little_squares_3,
          vaults_room_ringed_pool, v_misc_11, hangedman_vaults_river_flow,
          v_misc_5, nicolae_vaults_little_squares_3, nicolae_vaults_theta
Vaults:2: vaults_dpeg_hooks, v_misc_2, hangedman_vaults_stream,
          hangedman_vaults_nodes, nicolae_vaults_statue_guard,
          grunt_vaults_diagonal, vaults_room_semicircle,
          vaults_standard_mumra_x, grunt_vaults_funnel,
          nicolae_vaults_ninety_degrees, minmay_crypt_entry_skeletal_spiral,
          v_misc_24
Vaults:3: nicolae_vaults_little_ls, v_misc_27, vaults_dpeg_doors,
          vaults_room_stairs_pillars, v_misc_3, serial_ice_h,
          vaults_room_hallway, vaults_standard_mumra_enter_the_diamond,
          vaults_mumra_hex
Vaults:4: stair_cage_open, hangedman_vaults_maws, vaults_mumra_chevron,
          v_misc_31, nicolae_vaults_three_branches, nicolae_vaults_puzzle_piece,
          vaults_room_grid, v_misc_33, nicolae_vaults_what_the_h
Vaults:5: serial_shops
Crypt:1:  cheibrodos_crypt_3hun_7po
Crypt:3:  due_elkab
Depths:1: rand_demon_pan_entry_1, hangedman_abyss_or_decor_clamps, hell_entry,
          grunt_ministairs_11, lemuel_nasty_fountain, uniq_enchantress
Depths:2: minmay_the_grid_square_5x5_5x5, serial_shops,
          nicolae_shop_window_shopping, hell_entry, abyss_entry,
          grunt_ministairs_15, spider_trap, infiniplex_staircase_river
Depths:3: angbandy_vault, enter_ziggurat_c, grunt_hell_horde, mu_enter_wizlab_1,
          serial_corexii_hall, corexii_hall_statues_i, corexii_hall_statues_l,
          corexii_hall_statues_s, corexii_hall_statues_u,
          abyss_entry_flame_altar, pan_entry, minivault_12, uniq_mennas
Depths:4: regret_index_dithmenos_brocken_genspenst, abyss_entry, hell_entry,
          tso_metal_star, uniq_jorgrun, uniq_margery, uniq_frederick
Depths:5: evilmike_zot_entry_argh, pan_entry, hell_entry,
          hangedman_abyss_or_decor_passed, st_stairs_11, hangedman_decor_push
Zot:1:    circus_mu, st_large_dragon_hoard_4
Zot:2:    grunt_deathspiral_small
Zot:3:    st_stairs_4, chequers_guarded_unrand_mask_of_the_dragon
Zot:5:    basic_altar, uniq_tiamat
Lab:      nicolae_lab_grate, lab_fountain, nicolae_lab_hexagon
IceCv:    ice_cave_small_demon
WizLab:   wizlab_zonguldrok

Skill      XL: |  1  2  3  4  5  6  7  8  9 10 11 12 13 14 15 16 17 18 19 20 21 22 23 24 25 26 27 |
---------------+----------------------------------------------------------------------------------+-----
Axes           | 2 3 4 6 7 9 11 12 13 14 15 16 | 16.7
Evocations     | 1 3 5 6 8 10 14 15 | 15.9
Armour         | 3 5 6 7 8 10 11 12 13 14 15 16 17 18 20 | 20.3
Fighting       | 5 7 8 9 10 12 15 18 20 22 | 22.0
Dodging        | 2 5 6 9 10 11 13 14 15 16 22 | 22.4
Maces & Flails | 3 5 7 9 10 | 10.6
Shields        | 4 6 |  6.6
Charms         | 12 | 12.8
Necromancy     | 5 6 13 | 13.6
Spellcasting   | 8 9 12 15 | 15.4
Summonings     | 8 11 15 16 | 16.9
Air Magic      | 7 11 | 11.0

Action                   |  1- 3 |  4- 6 |  7- 9 | 10-12 | 13-15 | 16-18 | 19-21 | 22-24 | 25-27 || total
-------------------------+-------+-------+-------+-------+-------+-------+-------+-------+-------++-------
Melee: War axe           |    94 |   108 |   404 |   678 |   542 |       |       |       |       ||  1826
       Kick              |       |       |    78 |   245 |   551 |   734 |  1042 |   691 |  2195 ||  5536
       Morningstar       |       |       |       |    29 |    33 |       |   589 |  1322 |    95 ||  2068
       Demon trident     |       |       |       |       |   118 |       |       |       |       ||   118
       Demon whip        |       |       |       |       |   702 |  1676 |  1569 |       |  3530 ||  7477
       Headbutt          |       |       |       |       |       |       |       |   188 |   118 ||   306
Throw: Throwing net      |       |       |       |     1 |     1 |       |       |       |       ||     2
 Cast: Regeneration      |       |       |       |       |       |       |       |    48 |    50 ||    98
       Shadow Creatures  |       |       |       |       |       |       |       |       |    33 ||    33
       Deflect Missiles  |       |       |       |       |       |       |       |       |     8 ||     8
       Death Channel     |       |       |       |       |       |       |       |       |    35 ||    35
Invok: Potion Petition   |       |       |       |     1 |       |       |       |       |     1 ||     2
       Call Merchant     |       |       |       |       |     4 |     3 |     1 |     3 |     3 ||    14
       Bribe Branch      |       |       |       |       |       |       |       |       |     2 ||     2
Evoke: Wand              |       |     9 |     1 |    24 |    12 |    17 |       |       |     5 ||    68
       Box of beasts     |       |       |       |     1 |     2 |     2 |       |       |     1 ||     6
       Sack of spiders   |       |       |       |     1 |     4 |     4 |     4 |     2 |       ||    15
       Lamp of fire      |       |       |       |       |       |       |     1 |     3 |       ||     4
  Use: Scroll            |     2 |     2 |     9 |    16 |    21 |    18 |     5 |    13 |    25 ||   111
       Potion            |       |       |     6 |       |     3 |     3 |     2 |     2 |    16 ||    32
 Stab: Paralysed         |       |    24 |     2 |     1 |     2 |       |       |       |       ||    29
       Distracted        |       |       |     1 |     4 |     9 |     8 |    15 |     9 |    35 ||    81
       Confused          |       |       |       |     2 |     2 |       |       |       |     1 ||     5
       Held in net/web   |       |       |       |       |     1 |       |     1 |       |       ||     2
       Invisible         |       |       |       |       |       |       |       |       |     2 ||     2
  Eat: Chunk             |     2 |     4 |     6 |       |       |       |       |       |       ||    12
       Bread ration      |       |       |     4 |     5 |     2 |     5 |     4 |     2 |    12 ||    34
       Royal jelly       |       |       |     3 |     2 |     2 |     3 |     2 |     3 |     2 ||    17
       Meat ration       |       |       |       |     3 |     6 |     3 |     8 |     3 |     7 ||    30
       Fruit             |       |       |       |     1 |    17 |     3 |     1 |    12 |    18 ||    52
Armor: Scale mail        |    33 |       |       |       |       |       |       |       |       ||    33
       Chain mail        |    18 |   139 |   251 |       |       |       |       |       |       ||   408
       Plate armour      |       |       |    10 |   492 |   400 |       |       |       |       ||   902
       Pearl dragon scal |       |       |       |       |   475 |   847 |  1011 |   435 |   725 ||  3493
Dodge: Dodged            |    24 |    35 |    59 |   109 |   406 |   682 |  1091 |   654 |  1755 ||  4815
       Deflected         |       |       |       |       |       |       |       |       |    39 ||    39
Block: Shield            |    57 |    81 |   189 |   224 |   216 |       |       |       |       ||   767
       Buckler           |       |       |       |       |   124 |   269 |   786 |   889 |  1770 ||  3838
       Reflection        |       |       |       |       |       |     6 |    55 |   163 |    42 ||   266
       Rpst.: War axe    |       |       |       |       |     6 |       |       |       |       ||     6
       Demon whip        |       |       |       |       |    40 |   150 |   120 |       |   311 ||   621
       Morningstar       |       |       |       |       |       |       |    28 |   118 |    10 ||   156

Vault maps used:
D:1:      matt_arrival_diagonals
D:3:      chequers_ecumenical_altar_simple
D:4:      cheibrodos_greedy_goblins, nicolae_overflow_hidden_temple,
          minmay_temple_entry_nine_rooms, uniq_eustachio
D:5:      ashenzari_altar_1, nicolae_gozag_cash_rules_everything_around_me,
          lemuel_crystal_altar, first_bread
D:6:      uniq_blork_the_orc
D:7:      vehumet_statue, serial_shops, shop, shop_statue
D:8:      kennysheep_little_box, gammafunk_temple_overflow_claw
D:9:      nicolae_ru_awakened_eye
D:10:     erik_lair_island, orc_0_dummy
D:11:     portal_ice_cave_rime, the_bakery
D:13:     kennysheep_crisscross
D:14:     david_vaults_4, elyvilon_altar_1, uniq_sonja, uniq_nessos,
          uniq_frances, uniq_louise
D:15:     hangedman_depths_entry_civil_slaughter, kennysheep_pointless_box
Temple:   minmay_temple_forest_path
Lair:1:   basic_altar, serial_bayou_pond_c
Lair:2:   nicolae_swamp_entry_splash_gauntlet, basic_altar, lab_entry_generic,
          minivault_29
Lair:3:   spider_nest_entry_webs
Lair:5:   lemuel_fruit_tree, uniq_rupert
Lair:6:   evil_forest, minmay_slime_entry_pillars, serial_bayou_pond_b,
          hibernation_bobbens
Swamp:1:  evilmike_swamp_ruin_rubble_1
Swamp:2:  serial_swamp_ruin, evilmike_swamp_ruin_house_5,
          hangedman_swamp_ruin_wall, swamp_pool4
Swamp:3:  evilmike_swamp_ruin_house_2, uniq_bai_suzhen
Swamp:4:  grunt_swamp_rune_castle, uniq_mara
Spider:2: uniq_donald
Spider:3: spider_trap
Spider:4: floodkiller_spider_rune_tomb, uniq_arachne
Orc:2:    kennysheep_orc_mage_school
Elf:1:    elf_arrival_002, basic_altar, minmay_elf_crystal_hexagon, uniq_roxanne
Elf:2:    portal_desolation_entry_garden, dk_noncrumbling_3
Elf:3:    elf_hall, serial_shops, nicolae_shop_crystal
Vaults:1: v_alt_pattern_1, nicolae_vaults_yaktaur_gun_rack, v_pattern_3,
          hangedman_vaults_locks, serial_ice_h, nicolae_vaults_little_squares_3,
          vaults_room_ringed_pool, v_misc_11, hangedman_vaults_river_flow,
          v_misc_5, nicolae_vaults_little_squares_3, nicolae_vaults_theta
Vaults:2: vaults_dpeg_hooks, v_misc_2, hangedman_vaults_stream,
          hangedman_vaults_nodes, nicolae_vaults_statue_guard,
          grunt_vaults_diagonal, vaults_room_semicircle,
          vaults_standard_mumra_x, grunt_vaults_funnel,
          nicolae_vaults_ninety_degrees, minmay_crypt_entry_skeletal_spiral,
          v_misc_24
Vaults:3: nicolae_vaults_little_ls, v_misc_27, vaults_dpeg_doors,
          vaults_room_stairs_pillars, v_misc_3, serial_ice_h,
          vaults_room_hallway, vaults_standard_mumra_enter_the_diamond,
          vaults_mumra_hex
Vaults:4: stair_cage_open, hangedman_vaults_maws, vaults_mumra_chevron,
          v_misc_31, nicolae_vaults_three_branches, nicolae_vaults_puzzle_piece,
          vaults_room_grid, v_misc_33, nicolae_vaults_what_the_h
Vaults:5: serial_shops
Crypt:1:  cheibrodos_crypt_3hun_7po
Crypt:3:  due_elkab
Depths:1: rand_demon_pan_entry_1, hangedman_abyss_or_decor_clamps, hell_entry,
          grunt_ministairs_11, lemuel_nasty_fountain, uniq_enchantress
Depths:2: minmay_the_grid_square_5x5_5x5, serial_shops,
          nicolae_shop_window_shopping, hell_entry, abyss_entry,
          grunt_ministairs_15, spider_trap, infiniplex_staircase_river
Depths:3: angbandy_vault, enter_ziggurat_c, grunt_hell_horde, mu_enter_wizlab_1,
          serial_corexii_hall, corexii_hall_statues_i, corexii_hall_statues_l,
          corexii_hall_statues_s, corexii_hall_statues_u,
          abyss_entry_flame_altar, pan_entry, minivault_12, uniq_mennas
Depths:4: regret_index_dithmenos_brocken_genspenst, abyss_entry, hell_entry,
          tso_metal_star, uniq_jorgrun, uniq_margery, uniq_frederick
Depths:5: evilmike_zot_entry_argh, pan_entry, hell_entry,
          hangedman_abyss_or_decor_passed, st_stairs_11, hangedman_decor_push
Zot:1:    circus_mu, st_large_dragon_hoard_4
Zot:2:    grunt_deathspiral_small
Zot:3:    st_stairs_4, chequers_guarded_unrand_mask_of_the_dragon
Zot:5:    basic_altar, uniq_tiamat
Lab:      nicolae_lab_grate, lab_fountain, nicolae_lab_hexagon
IceCv:    ice_cave_small_demon
WizLab:   wizlab_zonguldrok

Table legend:
 A = Turns spent in this place as a percentage of turns spent in the entire game.
 B = Non-inter-level travel turns spent in this place as a percentage of non-inter-level travel turns spent in the entire game.
 C = Inter-level travel turns spent in this place as a percentage of turns spent in this place.
 D = Turns resting spent in this place as a percentage of non-inter-level travel turns spent in this place.
 E = Turns spent auto-exploring this place as a percentage of non-inter-level travel turns spent in this place.
 F = Non-inter-level travel turns spent in this place divided by the number of levels of this place that you've seen.
                   A       B       C       D       E      F
               +-------+-------+-------+-------+-------+----------------------
         Total | 100.0 | 100.0 |   0.3 |   0.2 |   7.8 | 723.7
       Dungeon |  17.3 |  17.3 |   0.5 |   0.3 |  10.9 | 525.1
        Temple |   0.1 |   0.1 |   4.4 |   0.0 |  46.5 |  43.0
          Lair |   6.6 |   6.6 |   0.5 |   0.1 |  10.7 | 503.7
         Swamp |   6.4 |   6.4 |   0.3 |   0.0 |   8.1 | 729.2
   Spider Nest |   8.4 |   8.4 |   0.3 |   0.1 |   7.8 | 952.5
    Slime Pits |   4.4 |   4.4 |   0.4 |   0.0 |   8.6 | 401.4
  Orcish Mines |   2.6 |   2.6 |   0.6 |   0.2 |   8.1 | 591.5
   Elven Halls |   5.8 |   5.8 |   0.3 |   1.0 |   7.1 | 876.3
        Vaults |  13.0 |  13.0 |   0.2 |   0.0 |   7.1 | 1186.0
         Crypt |   5.4 |   5.4 |   0.1 |   0.0 |   8.7 | 817.0
        Depths |  14.2 |  14.2 |   0.3 |   0.0 |   6.4 | 1299.0
          Hell |   0.0 |   0.0 |   0.0 |   0.0 |   0.0 |  15.0
           Zot |   9.4 |   9.5 |   0.2 |   0.0 |   5.2 | 862.4
     Labyrinth |   1.4 |   1.4 |   0.0 |   0.9 |   0.0 | 647.0
      Ice Cave |   1.3 |   1.3 |   0.0 |   2.0 |   6.6 | 590.0
        Wizlab |   1.5 |   1.5 |   0.0 |   0.0 |   5.5 | 686.0
    Desolation |   2.1 |   2.1 |   0.0 |   0.5 |   3.5 | 979.0
               +-------+-------+-------+-------+-------+----------------------

Table legend:
 A = Kills in this place as a percentage of kills in entire the game.
 B = Kills by you in this place as a percentage of kills by you in the entire game.
 C = Kills by friends in this place as a percentage of kills by friends in the entire game.
 D = Other kills in this place as a percentage of other kills in the entire game.
 E = Experience gained in this place as a percentage of experience gained in the entire game.
 F = Experience gained in this place divided by the number of levels of this place that you have seen.
                   A       B       C       D       E      F
               +-------+-------+-------+-------+-------+----------------------
         Total | 100.0 | 100.0 | 100.0 | 100.0 | 100.0 | 32314.7
       Dungeon |  14.7 |  15.6 |   0.0 |   0.0 |   4.1 | 5500.3
          Lair |   6.8 |   7.0 |   5.4 |   1.3 |   2.7 | 9253.8
         Swamp |   5.7 |   5.9 |   0.0 |   1.3 |   4.7 | 23750.5
   Spider Nest |   9.2 |   9.3 |  12.0 |   0.0 |   5.5 | 28063.8
    Slime Pits |   5.7 |   6.0 |   0.0 |   1.3 |   6.1 | 24847.2
  Orcish Mines |   5.1 |   5.4 |   1.1 |   0.0 |   1.2 | 12351.0
   Elven Halls |   4.7 |   3.7 |  10.9 |  38.5 |   5.9 | 40196.3
        Vaults |  16.7 |  16.6 |   0.0 |  39.7 |  18.7 | 75937.0
         Crypt |   5.7 |   6.1 |   0.0 |   0.0 |   6.4 | 43540.0
        Depths |  12.9 |  12.4 |  26.1 |  15.4 |  20.6 | 84023.4
          Hell |   0.0 |   0.0 |   0.0 |   0.0 |   0.0 | 765.0
           Zot |   7.6 |   6.6 |  43.5 |   2.6 |  20.1 | 81849.8
     Labyrinth |   0.2 |   0.2 |   0.0 |   0.0 |   0.1 | 2092.0
      Ice Cave |   0.7 |   0.7 |   0.0 |   0.0 |   0.3 | 5147.0
        Wizlab |   1.2 |   1.3 |   1.1 |   0.0 |   1.0 | 21064.0
    Desolation |   3.0 |   3.2 |   0.0 |   0.0 |   2.6 | 52276.0
               +-------+-------+-------+-------+-------+----------------------
